 Dungeon Crawl Stone Soup version 0.24.0-13-gcf9b3192b9 (webtiles) character file.

Game seed: 15660953384038666117, levelgen mode: deterministic

27 Matador8 the Poker (level 3, 0/32 HPs)
             Began as a Naga Gladiator on Nov 7, 2019.
             Slain by Terence
             ... wielding a +0 mace
              (4 damage)
             ... on level 2 of the Dungeon.
             The game lasted 00:04:46 (1072 turns).

Matador8 the Poker (Naga Gladiator)                 Turns: 1072, Time: 00:04:46

Health: 0/32       AC:  3    Str: 17    XL:     3   Next: 10%
Magic:  3/3        EV: 10    Int:  8    God:
Gold:   83         SH:  0    Dex: 12    Spells: 2/2 levels left

rFire    . . .     SeeInvis +   a - +0 trident
rCold    . . .     Gourm    .   (no shield)
rNeg     . . .     Faith    .   b - +0 leather armour
rPois    +         Spirit   .   c - +0 helmet
rElec    .         Reflect  .   (no cloak)
rCorr    .         Harm     .   (no gloves)
MR       .....                  (no barding)
Stlth    +.........             (no amulet)
HPRegen  0.10/turn              (no ring)
MPRegen  0.08/turn              (no ring)

@: flying, very slow
A: large, see invisible, deformed body, poison resistance, slowness 2, slow
metabolism 1, spit poison 1, AC +1
a: Spit Poison


You were on level 2 of the Dungeon.
You were not hungry.

You visited 1 branch of the dungeon, and saw 2 of its levels.

You collected 83 gold pieces.

Inventory:

Hand Weapons
 a - a +0 trident (weapon)
Missiles
 e - 80 stones (quivered)
 h - 18 sling bullets
Armour
 b - a +0 leather armour (worn)
 c - a +0 helmet (worn)
Jewellery
 j - an uncursed ring of magical power {unknown}
Scrolls
 g - 2 scrolls of identify {unknown}
 k - a scroll of enchant armour {unknown}
 l - a scroll of teleportation {unknown}
Comestibles
 f - 2 rations


   Skills:
 - Level 2.0 Fighting
 * Level 3.9 Polearms
 - Level 2.0 Throwing
 - Level 2.4 Dodging
 + Level 1.1 Stealth


You had 2 spell levels left.
You didn't know any spells.
Your spell library was empty.

Dungeon Overview and Level Annotations

Branches:
Dungeon (2/15)

Altars:

Annotations:
D:2 Terence


Innate Abilities, Weirdness & Mutations

You cannot wear boots.
Your serpentine skin is tough. (AC +1)
You have supernaturally acute eyesight. (SInv)
Armour fits poorly on your strangely shaped body.
Your system is resistant to poisons. (rPois)
You cover ground very slowly.
You have a slow metabolism.
You can spit poison.


Message History

You fly up into the air.
Terence shouts, "Get ready for death!"
Terence hits you with a +0 mace!
* * * LOW HITPOINT WARNING * * *
You barely miss Terence.
Terence is heavily wounded.
Terence hits you with a +0 mace.
* * * LOW HITPOINT WARNING * * *
You barely miss Terence.
Terence is heavily wounded.
Terence barely misses you.
You hit Terence but do no damage.
Terence is heavily wounded.
You hit Terence but do no damage.
Terence is heavily wounded.
Terence barely misses you.
You hit Terence but do no damage.
Terence is heavily wounded.
Terence hits you with a +0 mace.
You die... ≈≈≈≈≈≈ ≈≈≈≈≈≈≈≈≈≈≈≈≈≈PP.. ≈≈≈≈≈≈ ≈≈≈≈≈≈≈≈≈≈≈≈≈≈..≈....# PP≈≈PP

≈P.≈PP≈≈≈≈≈≈≈≈≈≈.≈...#
.≈P..≈
≈≈.≈≈≈≈P≈≈≈≈≈≈≈w≈≈[≈.####
......
.S.@.S.≈≈≈≈≈≈≈≈≈≈≈≈≈.....
......
..##..@.≈P..≈PP≈≈≈≈≈....#
##### #.#
#(.†.≈..≈≈≈≈hr≈...# #.#
#.##....≈.≈≈≈≈h.).. #.#
#S@@.##..≈≈≈≈≈≈P.≈. #.#
####.##...≈≈≈≈≈≈≈.. ######
#.# ###.##.#...#≈≈≈##.
<....###.######....#.....#
≈≈≈#
####......).............##
≈## #####..>.....#########
≈# ########## ≈# #


You could see Terence, a worm and an adder.

Vanquished Creatures
  An adder (D:2)
  4 bats (D:1)
  2 giant cockroaches
  A goblin (D:1)
  2 hobgoblins (D:1)
  5 kobolds
  2 rats (D:1)
  A plant (D:2)
18 creatures vanquished.

Vanquished Creatures (others)
  A plant (D:2)
1 creature vanquished.

Grand Total: 19 creatures vanquished

Notes
Turn   | Place    | Note
-------+----------+-------------------------------------------
     0 | D:1      | Matador8 the Naga Gladiator began the quest for the Orb.
     0 | D:1      | Reached XP level 1. HP: 19/19 MP: 1/1
   425 | D:1      | Reached XP level 2. HP: 22/26 MP: 2/2
   914 | D:2      | Noticed Terence
   984 | D:2      | Reached skill level 1 in Stealth
   984 | D:2      | Reached XP level 3. HP: 14/32 MP: 3/3
  1072 | D:2      | Slain by Terence

Levels and vault maps discovered:
D:1:      lemuel_arrival_tunnels, layout_loops_ring, minmay_misc_feat_chi,
          minmay_tetromino_i2
D:2:      lemuel_upstairs_altar, layout_loops_ring, vehumet_crystals,
          first_ration, chequers_big_river, uniq_terence, uniq_robin

Skill      XL: |  1  2 |
---------------+-------+-----
Throwing       | 2 |  2.0
Stealth        | 1 |  1.1
Fighting       | |  2.0
Polearms       | |  3.9
Dodging        | |  2.4

Action                   || total
-------------------------++-------
Melee: Trident           ||   136
Throw: Throwing net      ||     4
       Stone             ||     1
  Use: Potion            ||     1
Armor: Leather armour    ||    27
Dodge: Dodged            ||    60
